 Dungeon Crawl Stone Soup version 0.29.1-1-gd02db69 (webtiles) character file.

Game seed: 2499013324586587826

57 Vaargak the Firebug (level 3, 0/28 HPs)
             Began as a Draconian Fire Elementalist on Oct 1, 2022.
             Slain by a gnoll
             ... wielding a +0 halberd
              (2 damage)
             ... on level 2 of the Dungeon.
             The game lasted 00:09:31 (1979 turns).

Vaargak the Firebug (Draconian Fire Elementalist)   Turns: 1979, Time: 00:09:33

Health: 0/28       AC:  6    Str: 12    XL:     3   Next: 73%
Magic:  3/6        EV: 12    Int: 15    God:
Gold:   49         SH:  0    Dex: 11    Spells: 5/6 levels left

rFire   . . .      SeeInvis .   h - +1 morningstar (venom)
rCold   . . .      Faith    .   (no shield)
rNeg    . . .      Spirit   .   (body armour unavailable)
rPois   .          Reflect  .   (helmet restricted)
rElec   .          Harm     .   (no cloak)
rCorr   .          Rampage  .   j - +0 pair of gloves
Will    .....                   (no boots)
Stlth   ++........              (no amulet)
HPRegen 0.09/turn               (no ring)
MPRegen 0.10/turn               (no ring)

@: no status effects
A: AC +5, unfitting armour, cold-blooded
a: no special abilities


You were on level 2 of the Dungeon.
You visited 1 branch of the dungeon, and saw 2 of its levels.

You collected 49 gold pieces.

Inventory:

Hand Weapons
 h - a +1 morningstar of venom (weapon)
Armour
 j - a +0 pair of gloves (worn)
Jewellery
 e - a ring of ice
Scrolls
 b - a scroll of vulnerability {unknown}
 g - 3 scrolls of immolation {unknown}
 i - a scroll of enchant weapon {unknown}
 k - 3 scrolls of teleportation {unknown}
Potions
 a - 3 potions of magic
 c - a potion of might {unknown}
 d - a potion of degeneration {unknown}
 f - a potion of flight {unknown}


   Skills:
 * Level 1.1 Fighting
 + Level 0.1 Maces & Flails
 + Level 1.9 Dodging
 + Level 1.9 Stealth
 - Level 0.4 Unarmed Combat
 + Level 2.2 Spellcasting
 + Level 1.6 Conjurations
 + Level 3.8 Fire Magic


You had 5 spell levels left.
You knew the following spells:

 Your Spells              Type           Power      Damage    Failure   Level
a - Foxfire               Conj/Fire      36%        2x1d5     7%          1

Your spell library contained the following spells:

 Spells                   Type           Power      Damage    Failure   Level
 Scorch                   Fire           26%        2d6       7%          2
 Conjure Flame            Conj/Fire      9%         6-21      22%         3
 Inner Flame              Hex/Fire       7%         N/A       30%         3
 Stone Arrow              Conj/Erth      8%         3d7       43%         3
 Flame Wave               Conj/Fire      9%         2d6       56%         4
 Lehudib's Crystal Spear  Conj/Erth      2%         10d2      100%        8
 Animate Armour           Summ/Erth      Unusable   N/A       N/A         4

Dungeon Overview and Level Annotations

Branches:
Dungeon (2/15)

Altars:


Innate Abilities, Weirdness & Mutations

Your plain brown scales are hard. (AC +5)
You cannot fit into any form of body armour.
You are cold-blooded and may be slowed by cold attacks.


Message History

The foxfire hits the gnoll.
The gnoll is lightly wounded.
Casting: Foxfire (safe; 8% risk of failure)
Confirm with . or Enter, or press ? or * to list all spells.
You miscast Foxfire.
You are very lightly contaminated with residual magic.
Nothing appears to happen.
The foxfire hits the endoplasm but does no damage.
The endoplasm is lightly wounded.
The foxfire hits the endoplasm.
The endoplasm is severely wounded.
A gnoll comes into view. It is wielding a +0 flail.
The endoplasm freezes you.
You are frozen.
The endoplasm attacks as you move away!
The endoplasm hits you but does no damage.
Your magical contamination has completely faded away.
The endoplasm attacks as you move away! The endoplasm misses you.
You hit the endoplasm.
You kill the endoplasm!
Casting: Foxfire (safe; 7% risk of failure)
Confirm with . or Enter, or press ? or * to list all spells.
You conjure some foxfire!
The gnoll hits you but does no damage.
The foxfire hits the gnoll but does no damage.
The gnoll is lightly wounded.
The gnoll closely misses you.
You barely miss the gnoll.
You tail-slap the gnoll, but do no damage.
The gnoll closely misses you. The gnoll barely misses you.
The gnoll hits you from afar with a +0 halberd.
The gnoll hits you but does no damage.
You barely miss the gnoll. The gnoll hits you with a +0 halberd!
The gnoll hits you but does no damage.
You hit the gnoll.
The gnoll is moderately wounded.
The gnoll closely misses you.
The gnoll hits you from afar with a +0 halberd!
* * * LOW HITPOINT WARNING * * *
The gnoll hits you from afar with a +0 halberd.
You die...

..............#...........
...)......................
........(#####............
.§.........# #...[.##....
...........# #.....# .
########...# #.....# #
#...# #..gg.# ##### #...#
###g### ....# #...# #@#
....####...#####v#
....##........##.#
..............##.#
†...#.........##.#
....#.........##.#
....##........##.#
....##........##.#
....##..(.....##.#


You could see 3 gnolls.

Vanquished Creatures
  2 worms (D:2)
  2 dart slugs
  7 ball pythons
  4 endoplasms
  4 giant cockroaches
  5 goblins
  5 hobgoblins
  2 quokkas
  5 bats
  A frilled lizard (D:2)
  2 kobolds (D:1)
  7 rats
46 creatures vanquished.

Vanquished Creatures (others)
  99 foxfires
99 creatures vanquished.

Grand Total: 145 creatures vanquished

Notes
Turn   | Place    | Note
-------+----------+-------------------------------------------
     0 | D:1      | Vaargak the Draconian Fire Elementalist began the quest for
                  | the Orb.
     0 | D:1      | Reached XP level 1. HP: 14/14 MP: 3/3
   132 | D:1      | Found a faded altar of an unknown god.
   185 | D:1      | Reached XP level 2. HP: 20/20 MP: 0/5
  1129 | D:1      | Reached XP level 3. HP: 27/27 MP: 4/6
  1587 | D:2      | Reached skill level 1 in Fighting
  1979 | D:2      | Slain by a gnoll

Illustrated notes

Levels and vault maps discovered:
D:1:      dpeg_arrival_prison, layout_basic, serial_forest,
          infiniplex_forest_clump_small, infiniplex_forest_clump_curved,
          infiniplex_forest_straight_3, infiniplex_forest_clump_medium,
          infiniplex_forest_lined_corner, infiniplex_forest_side_room,
          infiniplex_forest_lined_2, infiniplex_forest_lined_3,
          infiniplex_forest_clump_small, infiniplex_forest_corner_1,
          nicolae_ecumenical_snake_handling
D:2:      minmay_general_purpose_star, layout_basic, minivault_5,
          palyth_stone_intersect, hangedman_feature_mirror, serial_bayou_pond_e

Skill      XL: |  1  2  3 |
---------------+----------+-----
Fighting       | 1 |  1.1
Maces & Flails | |  0.1
Dodging        | |  1.9
Stealth        | |  1.9
Unarmed Combat | |  0.4
Spellcasting   | |  2.2
Conjurations   | |  1.6
Fire Magic     | |  3.8

Action                   || total
-------------------------++-------
Melee: Unarmed           ||    41
       Tailslap          ||     5
       Morningstar       ||    21
 Cast: Foxfire           ||    65
Armor: Skin              ||    23
Dodge: Dodged            ||    47
